 Dungeon Crawl Stone Soup version 0.31-a0-819-gf6de2f5ab6 (webtiles) character file.

Game seed: 9558421959272400062

38 Kurtz the Trooper (level 3, -2/26 HPs)
             Began as an Octopode Fighter on Sept 25, 2023.
             Slain by an orc
             ... wielding a +0 short sword
              (4 damage)
             ... on level 3 of the Dungeon.
             The game lasted 00:00:48 (1433 turns).

Kurtz the Trooper (Octopode Fighter)                Turns: 1433, Time: 00:00:49

Health: -2/26      AC:  1    Str: 15    XL:     3   Next: 43%
Magic:  3/3        EV: 13    Int: 16    God:
Gold:   175        SH:  4    Dex: 13    Spells: 2/2 levels left

rFire   . . .        a - +0 war axe
rCold   . . .        b - +0 buckler
rNeg    . . .        (helmet restricted)
rPois   .            (no amulet)
rElec   .            g - ring of flight
rCorr   .            k - +6 ring of intelligence
SInv    .            (no ring)
Will    .....        (no ring)
Stlth   ++           (no ring)
HPRegen 0.24/turn    (no ring)
MPRegen 0.08/turn    (no ring)
                     (no ring)

%: no passive effects
@: flying
A: almost no armour, amphibious, 8 rings, camouflage 1, gelatinous body 1,
(nimble swimmer 1), tentacles
a: no special abilities


You were on level 3 of the Dungeon.
You visited 1 branch of the dungeon, and saw 3 of its levels.

You collected 175 gold pieces.

Inventory:

Hand Weapons
 a - a +0 war axe (weapon)
Armour
 b - a +0 buckler (worn)
Jewellery
 g - a ring of flight (left tentacle)
 k - a +6 ring of intelligence (right tentacle)
Scrolls
 e - a scroll of torment {unknown}
 j - 3 scrolls of identify {unknown}
 n - a scroll of noise {unknown}
Potions
 c - 2 potions of might
 d - a potion of curing {unknown}
 f - a potion of cancellation {unknown}
 h - a potion of haste {unknown}
 i - a potion of enlightenment {unknown}
 l - a potion of degeneration {unknown}
 m - 2 potions of heal wounds {unknown}


   Skills:
 + Level 3.5 Fighting
 * Level 3.2 Axes
 - Level 3.0 Dodging
 - Level 3.0 Shields


You had 2 spell levels left.
You didn't know any spells.
Your spell library contained the following spells:

 Spells                   Type           Power      Damage    Failure   Level
 Foxfire                  Conj/Fire      0%         2x1d4     32%         1
 Gell's Gravitas          Tloc           0%         N/A       69%         3
 Teleport Other           Tloc           0%         N/A       69%         3
 Dispersal                Tloc           0%         N/A       100%        6
 Plasma Beam              Fire/Air       0%         2x1d10    100%        6
 Starburst                Conj/Fire      0%         6d3       100%        6


Dungeon Overview and Level Annotations

Branches:
Dungeon (3/15)

Altars:


Innate Abilities, Weirdness & Mutations

You cannot wear most types of armour.
You are amphibious.
You can wear up to eight rings at the same time.
Your skin changes colour to match your surroundings (Stealth+).
Your rubbery body absorbs attacks. (AC +1, EV +1)
((You are camouflaged when in or above water. (Stealth+)))
You have tentacles for arms and can constrict up to eight enemies at once.


Message History

You hit the orc priest but do no damage.
You grab the orc priest. You constrict the orc priest.
The orc shouts! x3; You hear a shout! x2
A hobgoblin comes into view.
The orc priest escapes!
Unknown command.
You closely miss the orc priest. You grab the orc priest.
You squeeze the orc priest, but do no damage.
The orc priest is lightly wounded.
You closely miss the orc.
You constrict the orc priest, but do no damage.
The orc misses you.
The orc priest struggles to escape constriction.
The orc priest looks satisfied for a moment.
The orc hits you with a +0 short sword.
The orc priest escapes!
You hit the orc priest. Your grab misses the orc priest.
The orc priest is moderately wounded.
You barely miss the orc. You hit the orc but do no damage. The orc misses you.
The orc priest closely misses you. The orc barely misses you.
Unknown command.
You hit the orc priest. Your grab misses the orc priest.
The orc priest is moderately wounded.
You hit the orc but do no damage. You closely miss the orc. You hit the orc.
The orc priest closely misses you. The orc hits you with a +0 short sword.
The orc barely misses you. x2; The orc closely misses you.
A hobgoblin comes into view.
The orc priest calls down the wrath of Beogh upon you.
Beogh smites you! The orc hits you with a +0 falchion.
* * * LOW HITPOINT WARNING * * *
You are too injured to fight recklessly!
Unknown command.
You closely miss the orc priest. You grab the orc priest.
The orc priest is moderately wounded.
You slash the orc! You hit the orc but do no damage. You closely miss the orc.
You constrict the orc priest.
The hobgoblin hits the plant.
The plant begins to die.
You block the orc's attack.
The orc priest hits you with a +0 hand axe.
* * * LOW HITPOINT WARNING * * *
The orc hits you with a +0 short sword.
You die...

.~≈≈P~. #.
..g≈PP. #.#
~~P≈~.g #.#.
.P≈≈P.. #.#.#.
.P≈≈≈..
#.#.#.#
.P≈≈~.B
#.#.#.#
~P≈≈~.o#.#.#.#
.≈≈~~oo@#.#.#
.≈≈~.~oo.#.#
~≈≈PP...<.#
~≈≈PP..#.#.#
#≈≈≈P......#
#≈≈≈#~.#####
#≈≈≈#.. #≈≈
#.. #≈ ##.


You could see 2 orc priests, 3 orcs, a giant cockroach and 2 hobgoblins.

Vanquished Creatures
  2 dart slugs
  2 endoplasms
  3 giant cockroaches
  6 goblins
  3 hobgoblins
  5 kobolds
  4 ball pythons (D:2)
  2 bats
  6 rats
33 creatures vanquished.

Notes
Turn   | Place    | Note
-------+----------+-------------------------------------------
     0 | D:1      | Kurtz the Octopode Fighter began the quest for the Orb.
     0 | D:1      | Reached XP level 1. HP: 16/16 MP: 1/1
   128 | D:1      | Reached XP level 2. HP: 21/21 MP: 2/2
   203 | D:1      | Found a faded altar of an unknown god.
   674 | D:2      | Reached XP level 3. HP: 26/26 MP: 3/3
  1433 | D:3      | Slain by an orc

Illustrated notes

Levels and vault maps discovered:
D:1:      saegor_arrival_under_anarchy, layout_loops_ring,
          ebering_ecumenical_altar_rust
D:2:      layout_loops_ring, chequers_garden
D:3:      wander_river, layout_basic, chequers_big_river

Skill      XL: |  1  2  3 |
---------------+----------+-----
Axes           | 3 |  3.2
Fighting       | |  3.5
Dodging        | |  3.0
Shields        | |  3.0

Action                     || total
---------------------------++-------
  Melee: War axe           ||    50
         Constrict         ||    11
         Tentacles         ||     6
         Punch             ||     1
   Stab: Sleeping          ||    15
 Armour: Skin              ||    17
  Dodge: Dodged            ||    23
  Block: Buckler           ||     7

Table legend: (Time is in decaauts)
 A = Elapsed time spent in this place.
 B = Non-inter-level travel time spent in this place.
 C = Inter-level travel time spent in this place.
 D = Time resting spent in this place.
 E = Time spent auto-exploring this place.
 F = Levels seen in this place.
 G = Mean time per level.
                   A        B        C        D        E       F      G
               +--------+--------+--------+--------+--------+-----+--------+
         Total |   1452 |   1342 |    110 |      0 |   1128 |   3 |  484.0 |
       Dungeon |   1452 |   1342 |    110 |      0 |   1128 |   3 |  484.0 |
               +--------+--------+--------+--------+--------+-----+--------+

Top non-repeatable levels by time:
     D:2: 791 daAuts
     D:1: 649 daAuts
     D:3: 11 daAuts
